 Dungeon Crawl Stone Soup version 0.21.1-1-g345015f (webtiles) character file.

35 shakethe the Chopper (level 3, 0/28 HPs)
             Began as a Demonspawn Gladiator on Feb 24, 2018.
             Succumbed to an adder's poison
             ... on level 2 of the Dungeon.
             The game lasted 00:01:21 (665 turns).

shakethe the Chopper (Demonspawn Gladiator)          Turns: 665, Time: 00:01:22

Health: 0/28       AC:  4    Str: 14    XL:     3   Next: 17%
Magic:  1/1        EV: 12    Int: 10    God:
Gold:   88         SH:  0    Dex: 14    Spells: 2/2 levels left

rFire    . . .     SeeInvis .   l - +0 hand axe (antimagic)
rCold    . . .     Gourm    .   (no shield)
rNeg     . . .     Faith    .   b - +0 leather armour
rPois    .         Spirit   .   c - +0 helmet
rElec    .         Reflect  .   (no cloak)
rCorr    .         Harm     .   (no gloves)
MR       .....                  (no boots)
Stlth    +.........             (no amulet)
HPRegen  0.09/turn              (no ring)
MPRegen  0.07/turn              (no ring)

@: lethally poisoned (0 -> -2), flying
A: demonic guardian 1
a: no special abilities


You were on level 2 of the Dungeon.
You were not hungry.

You visited 1 branch of the dungeon, and saw 2 of its levels.

You collected 88 gold pieces.

Inventory:

Hand Weapons
 a - a +0 war axe
 l - a +0 antimagic hand axe (weapon)
   (You took it off a goblin on level 1 of the Dungeon)
Missiles
 d - 3 throwing nets {=f, !d}
Armour
 b - a +0 leather armour (worn)
 c - a +0 helmet (worn)
 m - a +0 robe of fire resistance
   (You found it on level 1 of the Dungeon)
Scrolls
 e - 3 scrolls of identify {unknown}
 g - a scroll of random uselessness {unknown}
 h - a scroll of teleportation {unknown}
 j - a scroll of immolation {unknown}
 k - a scroll of amnesia {unknown}
Potions
 i - a potion of flight
Comestibles
 f - 2 rations


   Skills:
 + Level 2.7 Fighting
 + Level 3.2 Axes
 - Level 2.0 Throwing
 - Level 2.8 Dodging


You had 2 spell levels left.
You didn't know any spells.

Dungeon Overview and Level Annotations

Branches:
Dungeon (2/15)

Altars:


Innate Abilities, Weirdness & Mutations

A weak demonic guardian rushes to your aid.


Message History

No target in view!
No target in view!
No target in view!
Things that are here:
a club; a hobgoblin corpse No target in view!
No target in view!
No target in view!
No target in view!
No target in view!
Things that are here:
a club; a hobgoblin corpse The giant cockroach is too close now for your liking.
An adder comes into view.
The adder hisses angrily.
A hobgoblin comes into view. It is wielding a club.
The hobgoblin shouts!
The giant cockroach bites you.
You take 1 damage, and have 22/23 hp.
You hit the giant cockroach but do no damage.
The giant cockroach bites you but does no damage.
You hit the giant cockroach.
The giant cockroach bites you but does no damage. x2
The adder closely misses you.
You hit the giant cockroach. You closely miss the adder.
The adder closely misses you. The giant cockroach bites you.
You take 1 damage, and have 21/23 hp.
You closely miss the giant cockroach. You miss the adder.
The adder bites you but does no damage.
The giant cockroach bites you but does no damage.
The adder bites you. The giant cockroach barely misses you.
You take 2 damage, and have 19/23 hp.
You hit the giant cockroach.
You kill the giant cockroach!
You hit the adder. You closely miss the hobgoblin. The adder bites you.
The hobgoblin hits you with a club.
You take 7 damage, and have 12/23 hp.
MASSIVE DAMAGE!!
The adder bites you.
You are poisoned.
The adder poisons you!
You take 2 damage, and have 10/23 hp.
You barely miss the adder.
You feel sick. The adder barely misses you.
You take 1 damage, and have 9/23 hp.
You barely miss the adder. The adder closely misses you.
The adder bites you but does no damage.
You closely miss the adder.
You feel sick. The adder barely misses you.
You closely miss the adder.
The adder bites you but does no damage. x2
You closely miss the adder. The adder bites you.
You take 1 damage, and have 8/23 hp.
You closely miss the adder.
You feel sick. The adder bites you.
* * * LOW HITPOINT WARNING * * *
You are lethally poisoned!
The adder poisons you! The adder closely misses you.
You take 2 damage, and have 6/23 hp.
You closely miss the adder. The adder bites you but does no damage.
You barely miss the adder.
* * * LOW HITPOINT WARNING * * *
You feel sick. The adder bites you.
* * * LOW HITPOINT WARNING * * *
The adder barely misses you.
You take 2 damage, and have 4/23 hp.
You hit the adder.
* * * LOW HITPOINT WARNING * * *
You feel sick. The adder bites you but does no damage.
You take 1 damage, and have 3/23 hp.
You hit the adder.
You kill the adder!
You have reached level 3!
Your experience leads to an increase in your attributes!
Increase (S)trength, (I)ntelligence, or (D)exterity?
You feel clever.
MP restored: 1 It was a potion of flight.
You feel very buoyant.
You fly up into the air.
* * * LOW HITPOINT WARNING * * *
You feel sick.
The hobgoblin hits you but does no damage.
You take 1 damage, and have 3/28 hp.
You closely miss the hobgoblin.
The hobgoblin hits you but does no damage.
You closely miss the hobgoblin.
The hobgoblin hits you but does no damage.
You slash the hobgoblin!
You kill the hobgoblin!
* * * LOW HITPOINT WARNING * * *
You feel sick.
You take 1 damage, and have 2/28 hp.
Things that are here:
a club; a hobgoblin corpse
Okay, then.
* * * LOW HITPOINT WARNING * * *
You feel sick.
A frilled lizard comes into view.
* * * LOW HITPOINT WARNING * * *
You feel sick.
The frilled lizard hisses angrily.
You take 1 damage, and have 1/28 hp.
You die...

#.# #.# #.########
#......... .
#..#######..
#)##........
##.##.......#
#..##..<.....
#.#####...@.†.l....
#....<..###........
#..#######
........#
.......%.#
###.......#
#########


You could see a frilled lizard.

Vanquished Creatures
  An adder (D:2)
  A dart slug (D:1)
  A giant cockroach (D:2)
  4 goblins (D:1)
  3 hobgoblins
  4 jackals (D:1)
  3 kobolds (D:1)
  2 bats (D:1)
  A frilled lizard (D:1)
  3 rats (D:1)
23 creatures vanquished.

Notes
Turn   | Place    | Note
-------+----------+-------------------------------------------
     0 | D:1      | shakethe the Demonspawn Gladiator began the quest for the Orb.
     0 | D:1      | Reached XP level 1. HP: 16/16 MP: 1/1
    79 | D:1      | Reached skill level 2 in Throwing
    79 | D:1      | Gained mutation: A weak demonic guardian rushes to your aid. [demonic ancestry]
    79 | D:1      | Reached XP level 2. HP: 16/22 MP: 2/2
   297 | D:1      | Reached skill level 3 in Axes
   648 | D:2      | HP: 5/23 [poisoned by an adder]
   650 | D:2      | Reached XP level 3. HP: 4/28 MP: 1/3
   654 | D:2      | HP: 2/28 [poisoned by an adder]
   661 | D:2      | HP: 1/28 [poisoned by an adder]
   665 | D:2      | Succumbed to an adder's poison

Skill      XL: |  1  2 |
---------------+-------+-----
Throwing       | 2 |  2.0
Axes           | 3 |  3.2
Fighting       | |  2.7
Dodging        | |  2.8

Action                   || total
-------------------------++-------
Melee: War axe           ||    39
       Hand axe          ||    25
  Use: Potion            ||     1
Armor: Leather armour    ||    27
Dodge: Dodged            ||    45

Vault maps used:
D:1:      dpeg_arrival_erosion
D:2:      tso_metal_star, grunt_temple_overflow_octagram,
          kennysheep_generic_room_15

Table legend:
 A = Turns spent in this place as a percentage of turns spent in the entire game.
 B = Non-inter-level travel turns spent in this place as a percentage of non-inter-level travel turns spent in the entire game.
 C = Inter-level travel turns spent in this place as a percentage of turns spent in this place.
 D = Turns resting spent in this place as a percentage of non-inter-level travel turns spent in this place.
 E = Turns spent auto-exploring this place as a percentage of non-inter-level travel turns spent in this place.
 F = Non-inter-level travel turns spent in this place divided by the number of levels of this place that you've seen.
                   A       B       C       D       E      F
               +-------+-------+-------+-------+-------+----------------------
         Total | 100.0 | 100.0 |   2.7 |  34.9 |  37.7 | 323.5
       Dungeon | 100.0 | 100.0 |   2.7 |  34.9 |  37.7 | 323.5
               +-------+-------+-------+-------+-------+----------------------

Table legend:
 A = Kills in this place as a percentage of kills in entire the game.
 B = Kills by you in this place as a percentage of kills by you in the entire game.
 C = Kills by friends in this place as a percentage of kills by friends in the entire game.
 D = Other kills in this place as a percentage of other kills in the entire game.
 E = Experience gained in this place as a percentage of experience gained in the entire game.
 F = Experience gained in this place divided by the number of levels of this place that you have seen.
                   A       B       C       D       E      F
               +-------+-------+-------+-------+-------+----------------------
         Total | 100.0 | 100.0 |   N/A |   N/A | 100.0 |  25.5
       Dungeon | 100.0 | 100.0 |   N/A |   N/A | 100.0 |  25.5
               +-------+-------+-------+-------+-------+----------------------
